Description

Trainer Build for PvT Feniks

Replay - BabyMarine v Sandro - Ascension to Aiur LE

Build Order

Get SALT Encoding   

  12  0:01  Probe (Chrono Boost)  
  13  0:11  Probe (Chrono Boost)  
  14  0:18  Pylon  
  14  0:23  Probe (Chrono Boost)  
  15  0:36  Probe (Chrono Boost)  
  15  0:38  Gateway  
  16  0:43  Assimilator  
  16  0:47  Probe (Chrono Boost)  
  17  0:57  Probe (Chrono Boost)  
  18  1:08  Probe (Chrono Boost)  
  20  1:18  Probe (Chrono Boost)  
  20  1:27  Nexus  
  20  1:37  Cybernetics Core  
  20  1:41  Probe (Chrono Boost)  
  21  1:47  Assimilator  
  21  1:52  Probe (Chrono Boost)  
  22  1:56  Pylon  
  23  2:15  Mothership Core (Chrono Boost), Adept  
  26  2:16  Warp Gate  
  28  2:51  Adept (Chrono Boost)  
  32  2:52  Stargate  
  35  3:15  Adept (Chrono Boost)  
  40  3:28  Gateway x2  
  41  3:36  Oracle (Chrono Boost)  
  44  3:43  Pylon  
  46  3:51  Pylon  
  48  4:02  Pylon  
  48  4:09  Oracle (Chrono Boost)  
  51  4:19  Nexus x2  
  51  4:31  Twilight Council  
  51  4:34  Forge  
  53  4:43  Phoenix (Chrono Boost)  
  52  4:50  Assimilator x2  
  52  4:54  Adept x3  
  59  5:05  Phoenix (Chrono Boost)  
  63  5:16  Resonating Glaives (Chrono Boost)  
  63  5:27  Phoenix  
  67  5:36  Gateway x3, Protoss Ground Weapons Level 1 (Chrono Boost)  
  68  5:48  Phoenix  
  73  6:02  Adept  
  77  6:11  Robotics Facility  
  80  6:20  Adept  
  84  6:27  Adept x2  
  100  6:55  Charge (Chrono Boost)  
  100  6:59  Robotics Bay  
  101  7:06  Assimilator  
  101  7:14  Phoenix  
  103  7:22  Observer  
  106  7:26  Robotics Facility  
  106  7:27  Sentry x2  
  116  7:33  Assimilator  
  116  7:36  Phoenix  
  118  7:48  Observer  
  122  7:53  Protoss Ground Weapons Level 2 (Chrono Boost)  
  122  7:59  Phoenix  
  122  8:04  Nexus  
  125  8:06  Forge  
  126  8:34  Colossus x2 (Chrono Boost)  
  126  8:37  Extended Thermal Lance  
  139  8:43  Zealot x4  
  146  8:54  Protoss Ground Armor Level 1  
  146  8:57  Zealot x2  
  133  9:38  Phoenix  
  139  9:39  Colossus x2 (Chrono Boost)  
  145  9:45  Zealot x2  
  145  9:49  Stalker x3  
  155  9:55  Zealot  
  129  10:15  Phoenix  
  129  10:17  Zealot  
  138  10:25  Colossus x2 (Chrono Boost)  
  150  10:48  Stalker x4  
  158  10:50  Protoss Ground Armor Level 2  
  145  11:01  Protoss Ground Weapons Level 3  
  145  11:04  Nexus  
  145  11:11  Warp Prism (Chrono Boost)  
  145  11:12  Observer (Chrono Boost)  
  145  11:13  Assimilator x2  
  148  11:18  Phoenix (Chrono Boost)  
  150  11:27  Templar Archives  
  156  11:36  Stalker x3  
  162  12:00  Fleet Beacon  
  162  12:08  Psionic Storm  
  186  12:47  Gateway x3  
  186  12:50  Blink (Chrono Boost)  
  188  13:15  Nexus  
  188  13:26  Stargate x2  
  186  13:31  Tempest (Chrono Boost)  
  192  13:47  Photon Cannon x2  
  186  13:54  High Templar x2  
  198  14:07  Tempest (Chrono Boost)  
  196  14:10  Photon Cannon x3  
  196  14:19  Tempest (Chrono Boost)  
  200  14:24  Protoss Ground Armor Level 3 (Chrono Boost), Protoss Air Weapons Level 1 (Chrono Boost)  
  200  14:40  Photon Cannon  
  200  14:44  Protoss Shields Level 1 (Chrono Boost)  
  200  14:46  Assimilator x2  
  200  14:51  High Templar x2  
Spawning Tool Build Advisor. Get it on Overwolf

Analysis

Training PvT Macro Build for Feniks

Go to:

Details

  • Created by: FeniksGG  
  • Published on: Oct 31, 2017
  • Modified on: Oct 31, 2017
  • Patch: 3.8.0
Show
View Real Time Build Order
Export as new Build Order

Comments (0)

There are no comments. Be the first!

Create an account to comment!